 Dungeon Crawl Stone Soup version 0.30-a0-782-ge64f9170bb (webtiles) character file.

Game seed: 10999888323631711514

28 svtm the Vexing (level 3, 0/26 HPs)
             Began as a Human Wanderer on Feb 21, 2023.
             Slain by a hobgoblin (1 damage)
             ... on level 2 of the Dungeon.
             The game lasted 00:13:20 (1267 turns).

svtm the Vexing (Human Wanderer)                    Turns: 1267, Time: 00:13:20

Health: 0/26       AC:  2    Str: 12    XL:     3   Next: 30%
Magic:  3/6        EV: 11    Int: 15    God:
Gold:   49         SH:  3    Dex: 11    Spells: 2/6 levels left

rFire   . . .      SeeInvis .    e - +0 short sword
rCold   . . .      Faith    .    k - +0 buckler
rNeg    . . .      Spirit   .    d - +0 robe
rPois   .          Reflect  .    (no helmet)
rElec   .          Harm     .    (no cloak)
rCorr   .          Rampage  .    (no gloves)
Will    .....                    (no boots)
Stlth   +                        (no amulet)
HPRegen 0.24/turn                (no ring)
MPRegen 0.10/turn                (no ring)

@: very slightly contaminated, hasted, very quick
A: no striking features
a: no special abilities


You were on level 2 of the Dungeon.
You visited 1 branch of the dungeon, and saw 2 of its levels.

You collected 49 gold pieces.

Inventory:

Hand Weapons
 a - a +0 dagger
 e - a +0 short sword (weapon)
 g - a +0 quarterstaff
 h - a +0 whip
 l - a +0 dagger
 n - a +0 club
Missiles
 b - 12 poisoned darts (quivered)
 i - 15 stones
Armour
 d - a +0 robe (worn)
 k - a +0 buckler (worn)
 o - a +0 robe
Scrolls
 c - a scroll of teleportation
 f - 3 scrolls of enchant armour {unknown}
 j - a scroll of immolation {unknown}


   Skills:
 + Level 1.2 Fighting
 + Level 0.6 Short Blades
 + Level 1.2 Throwing
 + Level 1.2 Dodging
 + Level 0.4 Stealth
 + Level 2.4 Spellcasting
 + Level 3.2 Hexes
 + Level 1.0 Ice Magic
 + Level 1.0 Evocations


You had 2 spell levels left.
You knew the following spells:

 Your Spells              Type           Power      Damage    Failure   Level
a - Freeze                Ice            16%        1d4       19%         1
b - Slow                  Hex            44%        N/A       8%          1
c - Ensorcelled Hibernat  Hex/Ice        16%        N/A       19%         2

Your spell library contained the following spells:

 Spells                   Type           Power      Damage    Failure   Level
 Confusing Touch          Hex            11%        N/A       22%         3
 Ozocubu's Armour         Ice            4%         N/A       50%         3


Dungeon Overview and Level Annotations

Branches:
Dungeon (2/15)

Altars:

Shops:
D:1 [

Annotations:
D:1 1 runed translucent door


Message History

Aiming: Slow (safe; 8% risk of failure)
Press: ? - help, Shift-Dir - straight line, f - kobold
Aim: a kobold, wielding a +0 war axe and quivering stones (chance to affect: 62%)
The kobold resists with significant effort.
The hobgoblin shouts!
Casting: Slow (safe; 8% risk of failure)
Confirm with . or Enter, or press ? or * to list all spells.
Aiming: Slow (safe; 8% risk of failure)
Press: ? - help, Shift-Dir - straight line, f/p - kobold
Aim: a kobold, wielding a +0 war axe and quivering stones (chance to affect: 62%)
The kobold resists with significant effort.
The kobold throws a stone.
You block the stone.
The kobold throws a stone.
The stone hits you but does no damage.
Casting: Slow (safe; 8% risk of failure)
Confirm with . or Enter, or press ? or * to list all spells.
Aiming: Freeze (safe; 19% risk of failure)
Press: ? - help, Shift-Dir - straight line, f/p - kobold
Aim: a kobold, wielding a +0 war axe and quivering stones You miscast Freeze.
You are very lightly contaminated with residual magic.
Nothing appears to happen.
The kobold hits you with a +0 war axe.
You hit the kobold.
The kobold is moderately wounded.
The kobold hits you with a +0 war axe.
Casting: Freeze (safe; 19% risk of failure)
Confirm with . or Enter, or press ? or * to list all spells.
Aiming: Freeze (safe; 19% risk of failure)
Press: ? - help, Shift-Dir - straight line, f - hobgoblin, p - kobold
Aim: a hobgoblin You freeze the hobgoblin.
The hobgoblin is moderately wounded.
The hobgoblin hits you. The kobold hits you with a +0 war axe!
The kobold hits you with a +0 war axe.
* * * LOW HITPOINT WARNING * * *
You hit the kobold but do no damage.
The kobold is moderately wounded.
The hobgoblin closely misses you. The kobold hits you with a +0 war axe.
* * * LOW HITPOINT WARNING * * *
It was a potion of haste.
You feel yourself speed up. The hobgoblin hits you.
You die...

#.#.##########
..#..........#
############.######
..........#.......#
......###.#######)#
......'....#......####
......###..#.###.....#
........#..#..##..##.#
#####..........K@..).#
#.#.#......#g..###
#.#............#
#.#####...#/##.# #.#
....... .# #.# .....#.
## #.# .#...#. #.# ##
#. ####.# ..


You could see a hobgoblin and a kobold.

Vanquished Creatures
  An adder (D:2)
  A worm (D:1)
  4 endoplasms
  2 goblins (D:2)
  2 hobgoblins
  A ball python (D:1)
  2 bats (D:1)
  3 kobolds
16 creatures vanquished.

Notes
Turn   | Place    | Note
-------+----------+-------------------------------------------
     0 | D:1      | svtm the Human Wanderer began the quest for the Orb.
     0 | D:1      | svtm set off with the following items: a +0 dagger, 13
                  | poisoned darts, a scroll of teleportation, a +0 robe; and
                  | the following spells available to memorise: Slow, Freeze,
                  | Ensorcelled Hibernation, Confusing Touch, Ozocubu's Armour.
     0 | D:1      | Reached XP level 1. HP: 15/15 MP: 3/3
     2 | D:1      | Learned a level 1 spell: Freeze
     3 | D:1      | Found a runed translucent door.
   274 | D:1      | Found Qinauxy's Antique Armour Boutique.
   292 | D:1      | Reached XP level 2. HP: 15/21 MP: 5/5
  1082 | D:2      | Reached XP level 3. HP: 26/26 MP: 6/6
  1191 | D:2      | Learned a level 1 spell: Slow
  1194 | D:2      | Learned a level 2 spell: Ensorcelled Hibernation
  1266 | D:2      | HP: 1/26 [kobold/+0 war axe (5)]
  1267 | D:2      | Slain by a hobgoblin

Illustrated notes

Levels and vault maps discovered:
D:1:      dpeg_arrival_caged_fury, layout_basic, serial_shops, shop_fountains
D:2:      layout_basic, nicolae_figureground_sparkle

Action                     || total
---------------------------++-------
  Melee: Dagger            ||    26
         Short sword       ||    50
         Punch             ||     1
  Throw: Dart              ||    12
   Cast: Freeze            ||     2
         Slow              ||     2
    Use: Potion            ||     1
   Stab: Sleeping          ||     2
 Armour: Robe              ||    12
  Dodge: Dodged            ||    32
  Block: Buckler           ||     6

Table legend: (Time is in decaauts)
 A = Elapsed time spent in this place.
 B = Non-inter-level travel time spent in this place.
 C = Inter-level travel time spent in this place.
 D = Time resting spent in this place.
 E = Time spent auto-exploring this place.
 F = Levels seen in this place.
 G = Mean time per level.
                   A        B        C        D        E       F      G
               +--------+--------+--------+--------+--------+-----+--------+
         Total |   1267 |   1227 |     40 |    264 |    482 |   2 |  633.5 |
       Dungeon |   1267 |   1227 |     40 |    264 |    482 |   2 |  633.5 |
               +--------+--------+--------+--------+--------+-----+--------+

Top non-repeatable levels by time:
     D:1: 819 daAuts
     D:2: 448 daAuts
